 Dungeon Crawl Stone Soup version 0.19.1-1-g22dce08 (webtiles) character file.

87678 Dolanko the Basher (level 15, -1/146 HPs)
             Began as a Naga Fighter on Jan 9, 2017.
             Was a Priest of Cheibriados.
             Slain by a six-headed hydra (9 damage)
             ... on level 4 of the Swamp.
             The game lasted 00:53:01 (23616 turns).

Dolanko the Basher (Naga Fighter)                  Turns: 23616, Time: 00:53:02

Health: -1/146     AC: 25    Str: 34    XL:     15   Next: 91%
Magic:  18/24      EV: 20    Int: 16    God:    Cheibriados [***...]
Gold:   1133       SH: 12    Dex: 28    Spells: 0 memorised, 14 levels left

rFire  + . .     SeeInvis +     G - +4 flail (freeze)
rCold  + . .     Gourm    .     E - +0 swamp dragon scales
rNeg   . . .     Faith    .     c - +0 shield
rPois  +         Spirit   .     S - +2 hat
rElec  +         Reflect  .     H - +0 cloak
rCorr  +         Harm     .     X - +2 pair of gloves
MR     ++...                    A - +1 naga barding
Stlth  ++++......               I - amulet of regeneration
                                N - ring of stealth
                                O - ring of protection from magic

@: mighty, agile, about to teleport, resistant, very slightly contaminated, very
slow
A: see invisible, deformed body, poison resistance, slowness 2, slow metabolism
1, spit poison 1, constrict 1, AC +5
a: Spit Poison, Bend Time, Temporal Distortion, Renounce Religion


You were on level 4 of the Swamp.
You worshipped Cheibriados.
Cheibriados was most pleased with you.
You were very full.

You visited 4 branches of the dungeon, and saw 23 of its levels.
You also visited: Sewer, Ossuary and Volcano.

You collected 1433 gold pieces.
You spent 300 gold pieces at shops.

Inventory:

Hand Weapons
 e - the +8 spear of Eveabon {venom, rC+ rN+ Str+2 Dex-2 SInv}
   (You found it on level 4 of the Swamp)

   It poisons the flesh of those it strikes.
   It affects your strength (+2).
   It affects your dexterity (-2).
   It protects you from cold.
   It protects you from negative energy.
   It lets you see invisible.
 r - a +0 morningstar
 G - a +4 flail of freezing (weapon)
Missiles
 Y - 6 javelins (quivered)
Armour
 c - a +0 shield (worn)
 y - the +5 leather armour "Tiodin" {*Contam rElec Stlth+}
   (You found it on level 4 of the Lair of Beasts)

   It insulates you from electricity.
   It causes magical contamination when unequipped.
   It makes you more stealthy.
 z - +0 steam dragon scales
 A - a +1 naga barding (worn)
 E - +0 swamp dragon scales (worn)
 H - a +0 cloak (worn)
 S - a +2 hat (worn)
 X - a +2 pair of gloves (worn)
Jewellery
 s - an uncursed ring of flight
 I - an amulet of regeneration (around neck)
 J - an uncursed ring of ice
 N - a ring of stealth (right hand)
 O - a ring of protection from magic (left hand)
 Z - an uncursed ring of fire
Wands
 b - a wand of lightning (3/15)
 j - a wand of digging (22/24)
 l - a wand of paralysis (18/24)
 m - a wand of slowing (14/48)
 o - a wand of flame (24/48)
 u - a wand of lightning (11/15)
 L - a wand of paralysis (5/24)
 M - a wand of lightning (8/15)
 P - a wand of iceblast (1/15)
 R - a wand of disintegration (17/24)
 W - a wand of random effects (36/48)
Scrolls
 g - 4 scrolls of teleportation
 h - a scroll of identify
 n - 6 scrolls of amnesia
 p - 9 scrolls of remove curse
 q - 4 scrolls of enchant weapon
 K - 3 scrolls of fog
Potions
 d - 6 potions of might
 t - 2 potions of brilliance
 w - a potion of agility
 B - 2 potions of curing
 C - 2 potions of cure mutation
 T - 3 potions of invisibility
 U - a potion of resistance
 V - a potion of ambrosia
Miscellaneous
 a - a sack of spiders
 v - 2 boxes of beasts
 x - a fan of gales
Comestibles
 f - 11 bread rations
 i - 17 fruits
 k - 11 meat rations
 D - 3 slices of pizza
 F - 5 beef jerkies


   Skills:
 + Level 12.7 Fighting
 - Level 14.2 Maces & Flails
 * Level 1.8 Polearms
 + Level 10.8 Armour
 + Level 10.2 Dodging
 - Level 2.4 Shields
 - Level 12.0 Invocations


You had 14 spell levels left.
You didn't know any spells.

Dungeon Overview and Level Annotations

Branches:
Dungeon (12/15)            Temple (1/1) D:7            Lair (6/6) D:9
  Swamp (4/4) Lair:4       Spider (0/4) Lair:3        Slime (0/5) Lair:5
    Orc (0/2) D:12

Altars:
Ashenzari
Cheibriados
Dithmenos
Elyvilon
Fedhas
Gozag
Makhleb
Nemelex Xobeh
Okawaru
Ru
Sif Muna
Trog
Uskayaw
Yredelemnul
Zin
The Shining One

Shops:
D:5 ?


Innate Abilities, Weirdness & Mutations

You cannot wear boots.
Your serpentine skin is tough. (AC +5)
You have supernaturally acute eyesight. (SInv)
Armour fits poorly on your strangely shaped body.
Your system is resistant to poisons. (rPois)
You cover ground very slowly.
You have a slow metabolism.
You can spit poison.
You can use your snake-like lower body to constrict enemies.


Message History

The four-headed hydra closely misses you. x3
You block the six-headed hydra's attack.
The six-headed hydra bites you but does no damage. x3
You block the six-headed hydra's attack.
The six-headed hydra bites you.
* * * LOW HITPOINT WARNING * * *
The swamp worm barely misses you.
The eight-headed hydra completely misses you.
You block the eight-headed hydra's attack.
The eight-headed hydra bites you.
* * * LOW HITPOINT WARNING * * *
The eight-headed hydra bites you but does no damage.
The eight-headed hydra misses you.
The eight-headed hydra completely misses you.
The eight-headed hydra misses you.
The eight-headed hydra closely misses you.
The six-headed hydra barely misses you. The six-headed hydra misses you.
The six-headed hydra closely misses you.
The six-headed hydra bites you!
You die...

≈...≈♣≈...≈≈.♣♣...♣♣ *** *,*
,.♣♣*♣≈..≈≈≈≈...≈≈.♣ **,***≈* ***
♣♣.≈≈≈≈≈≈.≈.≈≈≈♣ *,,,,,≈≈
♣≈≈≈≈.§≈≈≈♣♣≈≈≈♣♣ **≈,,,≈,
♣≈≈≈≈≈.≈♣♣♣♣≈≈≈≈♣ **♣§.,,
♣♣)....♣♣♣♣.≈≈≈.♣ **†≈§y*
♣♣♣........♣♣.≈D≈♣♣ **D.†≈,≈
♣♣♣......≈≈≈≈♣♣wDD.♣♣ *DJ..,,,
♣.≈≈≈≈..≈≈≈≈≈..D@DFD♣♣ *♣Di#*,,,
≈≈≈≈≈≈≈≈≈≈≈..♣§♣♣DF≈.♣♣♣♣DD#***,*
.≈≈≈≈≈≈≈≈≈≈≈≈♣♣♣≈w≈≈≈D.♣†D#**,,,≈
♣...≈..≈≈≈≈.♣♣♣≈≈≈≈≈≈.Di†♣**,,,,≈
≈..♣≈≈.≈..≈.♣♣♣♣.≈..≈≈≈J##*,,,,≈≈
≈≈≈.≈♣♣≈.♣♣♣♣≈.≈..≈≈≈^.≈#*,,,,≈≈≈
≈≈≈..♣♣♣♣♣ *≈≈≈≈..(≈≈♣≈.♣**,,≈,≈≈
≈≈<.≈♣≈≈≈♣♣♣.≈≈≈≈≈..≈♣♣..***≈≈,≈≈
≈≈≈..≈§≈≈≈.♣.≈≈≈...≈♣♣♣♣≈.****,,≈


You could see an eight-headed hydra, a seven-headed hydra, 2 six-headed hydras,
a four-headed hydra, 4 swamp dragons, a slime creature, a spriggan druid, 2
swamp worms and 2 blink frogs.

Vanquished Creatures
  A sphinx (D:12)
  3 thorn hunters
  The ghost of Jynx the Scorcher, a journeyman DEFE of Vehumet (Swamp:1)
  A vampire knight (D:12)
  5 dire elephants (Lair:6)
  A crystal guardian (D:12)
  A yaktaur captain (D:12)
  The ghost of piz0 the Unseen, a journeyman SpEn of Gozag (Swamp:1)
  Fannar (D:10)
  16 hydras
  A ghost crab (Swamp:3)
  3 alligators
  Erica (D:11)
  An anaconda (Lair:6)
  4 death yaks (Lair:6)
  Urug (Lair:5)
  2 skeletal warriors (Volcano)
  An unseen horror (D:12)
  2 hill giants
  The ghost of 12san the Covert, a novice OpAs (D:7)
  7 swamp dragons (Swamp:1)
  An orange crystal statue (D:11)
  A spriggan druid (Swamp:4)
  Pikel (D:9)
  A necromancer (Lair:3)
  An oklob plant (Lair:5)
  An ugly thing (D:12)
  Maurice (D:8)
  4 elephants (Lair:6)
  An ice statue (D:11)
  6 black mambas
  16 spiny frogs
  A torpor snail (Lair:6)
  3 gargoyles (Volcano)
  A rime drake (Lair:6)
  7 komodo dragons
  An efreet (D:12)
  3 trolls
  2 two-headed ogres
  A polar bear (Lair:6)
  8 tyrant leeches
  2 harpy skeletons (Volcano)
  5 slime creatures
  2 bog bodies
  5 hornets
  7 dream sheep (Lair:6)
  Prince Ribbit (D:6)
  16 blink frogs
  7 hippogriffs
  An alligator skeleton (Volcano)
  A vampire (D:11)
  3 spriggans
  Sigmund (D:5)
  24 yaks
  2 flying skulls (Volcano)
  A yak (shapeshifter) (D:12)
  5 wyverns
  6 shadows
  Eustachio (D:4)
  11 vampire mosquitoes
  2 basilisks
  Grum (D:8)
  A hungry ghost (D:12)
  2 steam dragons
  2 mottled dragons (D:12)
  15 swamp worms
  A soldier ant (D:11)
  9 water moccasins
  10 porcupines
  9 swamp drakes
  A black bear (D:6)
  4 phantoms
  2 sky beasts
  6 ogres
  19 wolves
  3 centaurs
  13 crocodiles
  A komodo dragon zombie (Lair:3)
  13 bullfrogs
  5 big kobolds
  A wyvern zombie (D:9)
  2 scorpions (D:10)
  5 wights (D:8)
  5 electric eels (Lair:3)
  4 howler monkeys
  7 crimson imps
  4 bullfrog zombies
  3 centaur zombies
  2 orc priests
  A basilisk zombie (Lair:3)
  3 hounds
  15 jellies
  Crazy Yiuf (D:5)
  3 bullfrog skeletons
  3 centaur skeletons
  2 iguanas
  8 orc wizards
  8 worker ants
  A crocodile zombie (Lair:3)
  4 big kobold zombies (Ossuary)
  2 hound zombies
  2 naga skeletons (Volcano)
  2 hound skeletons
  A mummy (Ossuary)
  3 worker ant zombies
  Robin (D:4)
  15 adders
  3 gnolls (D:7)
  5 river rats
  2 shadow imps
  3 oozes
  An adder skeleton (D:5)
  5 worms
  A dart slug (D:3)
  8 leopard geckos
  26 orcs
  A spectral bat (Ossuary)
  8 bats
  3 bat simulacra (Ossuary)
  10 giant cockroaches
  8 gnoll zombies (Ossuary)
  15 goblins
  17 hobgoblins
  17 jackals
  39 kobolds
  5 quokkas
  7 ball pythons
  7 frilled lizards
  A giant cockroach zombie (D:6)
  4 goblin simulacra (Ossuary)
  3 goblin zombies
  5 hobgoblin zombies (Ossuary)
  A jackal skeleton (D:6)
  4 kobold simulacra (Ossuary)
  3 kobold zombies (Ossuary)
  7 orc zombies (Ossuary)
  2 quokka zombies (D:7)
  30 rats
  A rat simulacrum (Ossuary)
  6 spectral goblins (Ossuary)
  6 spectral kobolds (Ossuary)
  4 spectral rats (Ossuary)
  A bush (Lair:6)
  2 fungi
  5 plants
720 creatures vanquished.

Vanquished Creatures (others)
  A tyrant leech (Swamp:1)
  A flying skull (Volcano)
  A slave (D:9)
  A big kobold (D:9)
  A crimson imp (D:9)
  2 kobolds (D:9)
  A goblin zombie (Ossuary)
  A bush (Lair:6)
  26 fungi
  59 plants
  6 toadstools (Swamp:3)
100 creatures vanquished.

Grand Total: 820 creatures vanquished

Notes
Turn   | Place    | Note
-------+----------+-------------------------------------------
     0 | D:1      | Dolanko the Naga Fighter began the quest for the Orb.
     0 | D:1      | Reached XP level 1. HP: 21/21 MP: 1/1
   513 | D:1      | Reached XP level 2. HP: 26/28 MP: 2/2
   599 | D:1      | Reached skill level 3 in Maces & Flails
  1300 | D:1      | Reached XP level 3. HP: 34/34 MP: 3/3
  1571 | D:2      | Found a deep blue altar of Sif Muna.
  1571 | D:2      | Found a bloodstained altar of Trog.
  1578 | D:2      | Found a burning altar of Makhleb.
  1580 | D:2      | Found a blossoming altar of Fedhas.
  1581 | D:2      | Found a faded altar of an unknown god.
  1793 | D:2      | Found a glowing golden altar of the Shining One.
  1846 | D:2      | Reached skill level 4 in Maces & Flails
  1873 | D:2      | Reached XP level 4. HP: 27/42 MP: 4/4
  2865 | D:3      | Reached skill level 5 in Maces & Flails
  2865 | D:3      | Reached XP level 5. HP: 39/49 MP: 5/5
  2910 | D:3      | Found an iron altar of Okawaru.
  2973 | D:3      | Found a shadowy altar of Dithmenos.
  3408 | D:3      | Reached skill level 6 in Maces & Flails
  3408 | D:3      | Reached XP level 6. HP: 22/56 MP: 6/6
  3967 | D:4      | Noticed Eustachio
  3981 | D:4      | Killed Eustachio
  3981 | D:4      | Reached skill level 7 in Maces & Flails
  4011 | D:4      | Found a shadowy altar of Dithmenos.
  4066 | D:4      | Found a sacrificial altar of Ru.
  4086 | D:4      | Reached XP level 7. HP: 60/62 MP: 7/7
  4139 | D:4      | Noticed Robin
  4171 | D:4      | Killed Robin
  4369 | D:4      | Found a glowing drain.
  4399 | Sewer    | Entered a sewer
  4663 | Sewer    | Reached skill level 8 in Maces & Flails
  5923 | D:5      | Entered Level 5 of the Dungeon
  5947 | D:5      | Reached skill level 9 in Maces & Flails
  5947 | D:5      | Reached XP level 8. HP: 61/69 MP: 8/8
  6085 | D:5      | Gained mutation: You have a pair of small horns on your head. [potion of mutation]
  6085 | D:5      | Gained mutation: Your flesh is cold resistant. (rC+) [potion of mutation]
  6085 | D:5      | Gained mutation: You are clumsy. (Dex -2) [potion of mutation]
  6315 | D:5      | Noticed Sigmund
  6325 | D:5      | Killed Sigmund
  6334 | D:5      | Reached skill level 10 in Maces & Flails
  6550 | D:5      | Found Nunek's Magic Scroll Shoppe.
  6739 | D:5      | Found a runed door.
  6743 | D:5      | Noticed Crazy Yiuf
  6748 | D:5      | Killed Crazy Yiuf
  7021 | D:6      | Reached skill level 11 in Maces & Flails
  7022 | D:6      | Found a glowing silver altar of Zin.
  7098 | D:6      | Noticed Prince Ribbit
  7108 | D:6      | Killed Prince Ribbit
  7108 | D:6      | Reached XP level 9. HP: 54/75 MP: 9/9
  7255 | D:6      | Found a glowing silver altar of Zin.
  7555 | D:7      | Found a sand-covered staircase.
  7568 | Ossuary  | Entered an ossuary
  8090 | D:7      | Found a staircase to the Ecumenical Temple.
  8127 | Temple   | Entered the Ecumenical Temple
  8231 | Temple   | Became a worshipper of Cheibriados the Contemplative
  8361 | D:7      | Noticed 12san's ghost (novice OpAs)
  8410 | D:7      | Killed 12san's ghost
  8410 | D:7      | Reached skill level 12 in Maces & Flails
  8459 | D:7      | Found a shattered altar of Ashenzari.
  8467 | D:7      | Reached skill level 1 in Dodging
  8675 | D:7      | Reached * piety under Cheibriados
  8871 | D:7      | Reached XP level 10. HP: 78/86 MP: 10/10
  9007 | D:8      | Found an iron altar of Okawaru.
  9093 | D:8      | Noticed Maurice
  9107 | D:8      | Killed Maurice
  9116 | D:8      | Reached skill level 5 in Fighting
  9184 | D:8      | Noticed Grum
  9205 | D:8      | Killed Grum
  9215 | D:8      | Reached ** piety under Cheibriados
 10035 | D:8      | Paralysed by a hornet for 1 turns
 10347 | D:9      | Noticed Pikel
 10366 | D:9      | Killed Pikel
 10366 | D:9      | Reached skill level 5 in Armour
 10492 | D:9      | Found a staircase to the Lair.
 10641 | D:9      | Reached *** piety under Cheibriados
 10886 | D:5      | Bought a scroll of brand weapon for 300 gold pieces
 11028 | D:9      | Reached XP level 11. HP: 96/99 MP: 11/11
 11076 | D:9      | Reached skill level 1 in Invocations
 11240 | D:10     | Entered Level 10 of the Dungeon
 11453 | D:10     | Reached **** piety under Cheibriados
 11467 | D:10     | Reached skill level 5 in Dodging
 11495 | D:10     | Noticed Fannar
 11514 | D:10     | Killed Fannar
 11990 | D:11     | Noticed Erica
 11998 | D:11     | Killed Erica
 12673 | D:11     | Noticed an orange crystal statue
 12784 | D:11     | Killed an orange crystal statue
 13023 | D:11     | Noticed a hill giant
 13031 | D:11     | Killed a hill giant
 13031 | D:11     | Reached skill level 5 in Invocations
 13050 | D:11     | Reached XP level 12. HP: 105/112 MP: 15/15
 13235 | D:12     | Found a staircase to the Orcish Mines.
 13313 | D:12     | Reached ***** piety under Cheibriados
 13405 | D:12     | Noticed a yaktaur captain
 13416 | D:12     | Killed a yaktaur captain
 13420 | D:12     | Noticed a vampire knight
 13424 | D:12     | Lost mutation: You have a pair of small horns on your head. [potion of cure mutation]
 13424 | D:12     | Lost mutation: You are clumsy. (Dex -2) [potion of cure mutation]
 13424 | D:12     | Lost mutation: Your flesh is cold resistant. (rC+) [potion of cure mutation]
 13438 | D:12     | Killed a vampire knight
 13516 | D:12     | Noticed a seven-headed hydra
 13732 | D:12     | Noticed a sphinx
 13747 | D:12     | Paralysed by a sphinx for 2 turns
 13752 | D:12     | Killed a sphinx
 13774 | D:12     | Noticed a crystal guardian
 13815 | D:12     | Killed a crystal guardian
 14124 | D:12     | Killed a seven-headed hydra
 14464 | Lair:1   | Entered Level 1 of the Lair of Beasts
 14506 | Lair:1   | Noticed a six-headed hydra
 14510 | Lair:1   | Killed a six-headed hydra
 14541 | Lair:1   | Noticed an eight-headed hydra
 14549 | Lair:1   | Killed an eight-headed hydra
 14549 | Lair:1   | Gained mutation: You can use your snake-like lower body to constrict enemies. [Naga growth]
 14549 | Lair:1   | Reached XP level 13. HP: 101/123 MP: 18/18
 14684 | Lair:1   | Reached skill level 10 in Fighting
 15873 | Lair:3   | Found a hole to the Spider Nest.
 16772 | Lair:4   | Found a dark tunnel.
 16778 | Volcano  | Entered a volcano
 17120 | Lair:4   | Got a slimy leather armour
 17319 | Lair:4   | Reached skill level 13 in Maces & Flails
 17431 | Lair:4   | Identified the +5 leather armour "Tiodin" {*Contam rElec Stlth+} (You found it on level 4 of the Lair of Beasts)
 17707 | Lair:4   | Found a staircase to the Swamp.
 18146 | Lair:5   | Reached XP level 14. HP: 125/135 MP: 21/21
 18478 | Lair:5   | Found a staircase to the Slime Pits.
 18536 | Lair:5   | Noticed Urug
 18544 | Lair:5   | Killed Urug
 18914 | Lair:6   | Entered Level 6 of the Lair of Beasts
 19096 | Lair:6   | Reached skill level 10 in Invocations
 19737 | Lair:6   | Noticed a dire elephant
 19737 | Lair:6   | Noticed a dire elephant
 19746 | Lair:6   | Killed a dire elephant
 19748 | Lair:6   | Killed a dire elephant
 19897 | Lair:6   | Noticed a dire elephant
 19913 | Lair:6   | Killed a dire elephant
 20050 | Lair:6   | Noticed a dire elephant
 20073 | Lair:6   | Killed a dire elephant
 20217 | Lair:6   | Noticed a dire elephant
 20444 | Lair:6   | Reached skill level 10 in Armour
 20453 | Lair:6   | Killed a dire elephant
 20806 | Swamp:1  | Entered Level 1 of the Swamp
 20894 | Swamp:1  | Reached XP level 15. HP: 100/144 MP: 23/23
 21230 | Swamp:1  | Noticed piz0's ghost (journeyman SpEn)
 21246 | Swamp:1  | Killed piz0's ghost
 21873 | Swamp:1  | Reached skill level 14 in Maces & Flails
 22034 | Swamp:1  | Noticed Jynx's ghost (journeyman DEFE)
 22055 | Swamp:1  | Killed Jynx's ghost
 22266 | Swamp:2  | Identified a scroll of acquirement
 22286 | Swamp:2  | Reached skill level 10 in Dodging
 22310 | Swamp:2  | You fall through a shaft!
 22417 | Swamp:3  | Noticed a thorn hunter
 22428 | Swamp:3  | Killed a thorn hunter
 22687 | Swamp:3  | Noticed a thorn hunter
 22699 | Swamp:3  | Killed a thorn hunter
 23123 | Swamp:4  | Entered Level 4 of the Swamp
 23373 | Swamp:4  | Noticed a thorn hunter
 23383 | Swamp:4  | Killed a thorn hunter
 23395 | Swamp:4  | Got a twisted spear
 23552 | Swamp:4  | Identified the +8 spear of Eveabon {venom, rC+ rN+ Str+2 Dex-2 SInv} (You found it on level 4 of the Swamp)
 23596 | Swamp:4  | Reached skill level 1 in Polearms
 23614 | Swamp:4  | HP: 6/146 [seven-headed hydra (8)]
 23616 | Swamp:4  | Slain by a six-headed hydra

Skill      XL: |  1  2  3  4  5  6  7  8  9 10 11 12 13 14 15 |
---------------+----------------------------------------------+-----
Maces & Flails | 3 4 5 6 7 9 11 12 13 14 | 14.2
Dodging        | 2 4 6 7 8 9 10 | 10.2
Armour         | 3 5 6 8 9 10 | 10.8
Fighting       | 4 6 8 9 11 12 | 12.7
Invocations    | 5 7 9 10 12 | 12.0
Polearms       | 1 |  1.8
Shields        | |  2.4

Action                   |  1- 3 |  4- 6 |  7- 9 | 10-12 | 13-15 || total
-------------------------+-------+-------+-------+-------+-------++-------
Melee: Flail             |   150 |   211 |   779 |   474 |   907 ||  2521
       Headbutt          |       |       |    81 |   121 |       ||   202
       Whip              |       |       |       |    27 |       ||    27
       Constrict         |       |       |       |       |   152 ||   152
       Spear             |       |       |       |       |     5 ||     5
Throw: Javelin           |       |     6 |     2 |     9 |    19 ||    36
       Tomahawk          |       |       |       |       |     6 ||     6
Invok: Slouch            |       |       |       |     4 |    19 ||    23
 Abil: Spit Poison       |    13 |    14 |    10 |     9 |     6 ||    52
       Evoke Flight      |       |       |       |       |     1 ||     1
Evoke: Wand              |       |       |       |    11 |     7 ||    18
  Use: Scroll            |       |     1 |    13 |    10 |    24 ||    48
       Potion            |       |       |     9 |    18 |    13 ||    40
 Stab: Paralysed         |       |       |       |    18 |       ||    18
       Sleeping          |       |       |       |    10 |    15 ||    25
       Distracted        |       |       |       |     4 |     3 ||     7
  Eat: Chunk             |     3 |     7 |    11 |     2 |     1 ||    24
       Bread ration      |       |       |     2 |     2 |     7 ||    11
       Fruit             |       |       |     2 |       |       ||     2
       Beef jerky        |       |       |       |     1 |       ||     1
Armor: Scale mail        |    73 |   106 |   411 |    29 |       ||   619
       Skin              |       |       |    12 |       |       ||    12
       Steam dragon scal |       |       |       |   153 |    63 ||   216
       Leather armour    |       |       |       |       |   149 ||   149
       Swamp dragon scal |       |       |       |       |   280 ||   280
Dodge: Dodged            |    38 |    39 |    91 |   149 |   551 ||   868
Block: Shield            |    75 |   107 |   327 |   209 |   533 ||  1251
